 Dungeon Crawl Stone Soup version 0.30-a0-743-gbfdf073431 (webtiles) character file.

Game seed: 13401778192190293529

2190 ragingrage the Grappler (level 9, -6/74 HPs)
             Began as a Ghoul Berserker on Feb 8, 2023.
             Was an Elder of Trog.
             Killed from afar by an acid dragon (27 damage)
             ... with a splash of acid
             ... on level 6 of the Dungeon.
             The game lasted 00:07:36 (6376 turns).

ragingrage the Grappler (Ghoul Berserker)           Turns: 6376, Time: 00:07:37

Health: -6/74      AC:  7    Str: 24    XL:     9   Next: 33%
Magic:  8/8        EV: 11    Int:  3    God:    Trog [****..]
Gold:   197        SH:  0    Dex:  8    Spells: 8/8 levels left

rFire   . . .      SeeInvis .      - Unarmed
rCold   + . .      Faith    .    (no shield)
rNeg    + + +      Spirit   .    j - +0 ring mail
rPois   ∞          Reflect  .    (no helmet)
rElec   .          Harm     .    H - +0 cloak
rCorr   .          Rampage  .    (no gloves)
Will    .....                    c - +0 pair of boots
Stlth   +                        B - amulet of the acrobat
HPRegen 0.00/turn                (no ring)
MPRegen 0.11/turn                (no ring)

@: inhibited regen, invisible
A: claws 1, cold resistance 1, negative energy resistance 3, inhibited
regeneration, torment resistance 2, devour on kill
a: Renounce Religion, Trog's Hand, Brothers in Arms


You were on level 6 of the Dungeon.
You worshipped Trog.
Trog was greatly pleased with you.
You visited 1 branch of the dungeon, and saw 7 of its levels.
You also visited: Sewer.

You collected 359 gold pieces.
You spent 162 gold pieces at shops.

Inventory:

Hand Weapons
 a - a +2 heavy sling
 b - a +2 war axe of venom
 n - a +0 hand axe
Missiles
 f - 3 poisoned darts
 m - 6 atropa-tipped darts
 z - 4 silver javelins (quivered)
Armour
 c - a +0 pair of boots (worn)
 j - a +0 ring mail (worn)
 H - a +0 cloak (worn)
Jewellery
 h - a ring of fire
 B - an amulet of the acrobat (around neck)
Wands
 p - a wand of roots (10)
 r - a wand of charming (3)
 G - a wand of flame (18)
Scrolls
 e - a scroll of summoning {unknown}
 g - 4 scrolls of teleportation
 k - a scroll of enchant weapon {unknown}
 v - 2 scrolls of torment
 w - a scroll of fear {unknown}
 y - 2 scrolls of enchant armour {unknown}
 A - a scroll of blinking {unknown}
 C - a scroll of vulnerability {unknown}
 D - a scroll of poison {unknown}
 E - a scroll of magic mapping
 F - a scroll of brand weapon {unknown}
Potions
 d - 3 potions of heal wounds
 i - 3 potions of flight
 l - a potion of ambrosia {unknown}
 q - 2 potions of attraction
 s - a potion of haste {unknown}
 t - 3 potions of might
 u - a potion of curing
 x - a potion of resistance


   Skills:
 - Level 5.0 Fighting
 + Level 7.2 Axes
 - Level 2.4 Armour
 - Level 2.4 Dodging
 - Level 3.0 Stealth
 - Level 8.8 Unarmed Combat


You had 8 spell levels left.
You didn't know any spells.
Your spell library was empty.

Dungeon Overview and Level Annotations

Branches:
Dungeon (7/15)              Sewer (visited)
 Temple: D:4-7

Altars:
Cheibriados
Gozag
Okawaru
Uskayaw
Vehumet
Xom

Shops:
D:2 (


Innate Abilities, Weirdness & Mutations

You are immune to poison.
You have sharp fingernails.
Your flesh is cold resistant. (rC+)
You are immune to negative energy. (rN+++)
You do not regenerate when monsters are visible.
You are immune to unholy pain and torment.
You thrive by killing the living.


Message History

The acid dragon claws you.
* * * LOW HITPOINT WARNING * * *
You closely miss the acid dragon. The acid dragon closely misses you.
The acid dragon claws you.
* * * LOW HITPOINT WARNING * * *
You feel much better. The acid dragon barely misses you.
The acid dragon closely misses you.
You barely miss the acid dragon. The acid dragon misses you.
The acid dragon claws you.
You hit the acid dragon but do no damage.
The acid dragon bites you but does no damage.
The acid dragon claws you. The acid dragon bites you.
The acid dragon claws you.
You closely miss the acid dragon. The acid dragon bites you!
The acid dragon closely misses you.
You fade into invisibility!
The acid dragon bites you but does no damage.
The acid dragon barely misses you.
You closely miss the acid dragon. The acid dragon closely misses you.
The acid dragon misses you.
You barely miss the acid dragon. The acid dragon bites you.
The acid dragon claws you.
You closely miss the acid dragon. The acid dragon closely misses you.
The acid dragon completely misses you.
You catch the helpless acid dragon completely off-guard!
You slash the acid dragon!
The acid dragon is heavily wounded.
The acid dragon bites you but does no damage.
The acid dragon claws you.
* * * LOW HITPOINT WARNING * * *
Your +2 war axe of venom stops dripping with poison.
You are now empty-clawed.
You scratch the acid dragon but do no damage.
The acid dragon is heavily wounded.
The acid dragon barely misses you. x2
You claw the acid dragon!
The acid dragon is almost dead.
The acid dragon spits acid at you. The splash of acid hits you!!
You die...

#....#...8#.....#...#.....
#....#....#.....#...#.....
#....#....#...<.#...#.....
#....'....#.....#...#.....
######....#.....#...#.....
#....#.....#...#.....
#....####'##...#.....
#....#[...##...#.....
#8..@#.........#.....
####D#.........'.....
..#....##...#.....
...#....##...#.....
....#.........####'#
#....#.........#....'
#....#.........#....#
#....###'###...##...#
#....#######...#


You could see an acid dragon (unable to see you, catching breath).

Vanquished Creatures
  A cyclops (D:6)
  2 water moccasins (D:5)
  2 ice beasts (D:6)
  A sky beast (D:7)
  2 ogres (D:5)
  3 bullfrogs
  2 scorpions
  3 necrophages
  3 jellies
  Crazy Yiuf (D:6)
  A hound (D:4)
  2 orc priests
  Jessica (D:3)
  4 orc wizards
  Ijyb (D:3)
  A hell rat (Sewer)
  5 adders
  7 gnolls (D:5)
  3 white imps
  An ufetubus (D:5)
  2 worms
  2 dart slugs
  21 orcs
  11 ball pythons
  8 endoplasms
  5 giant cockroaches
  7 goblins
  8 hobgoblins
  4 jackals (D:2)
  6 quokkas (D:2)
  5 bats
  4 frilled lizards
  3 kobolds
  10 rats
142 creatures vanquished.

Vanquished Creatures (collateral kills)
  A necrophage (D:4)
1 creature vanquished.

Vanquished Creatures (others)
  2 plants (D:2)
2 creatures vanquished.

Grand Total: 145 creatures vanquished

Notes
Turn   | Place    | Note
-------+----------+-------------------------------------------
     0 | D:1      | ragingrage the Ghoul Berserker began the quest for the Orb.
     0 | D:1      | Reached XP level 1. HP: 19/19 MP: 0/0
   423 | D:1      | Reached XP level 2. HP: 23/26 MP: 1/1
   979 | D:2      | Reached XP level 3. HP: 30/31 MP: 2/2
  1047 | D:2      | Reached ** piety under Trog
  1202 | D:2      | Found Poitex's Antique Weapon Boutique.
  1219 | D:2      | Found a shimmering altar of Xom.
  1224 | D:2      | Bought a runed sling for 81 gold pieces
  1763 | D:3      | Found a faded altar of an unknown god.
  1797 | D:3      | Reached skill level 4 in Unarmed Combat
  1797 | D:3      | Reached XP level 4. HP: 37/40 MP: 3/3
  1864 | D:3      | Noticed Jessica
  1878 | D:3      | Killed Jessica
  1879 | D:3      | Reached skill level 1 in Stealth
  1990 | D:3      | Reached XP level 5. HP: 46/46 MP: 4/4
  2131 | D:3      | Noticed Ijyb
  2137 | D:3      | Killed Ijyb
  2623 | D:5      | Entered Level 5 of the Dungeon
  2677 | D:4      | Reached skill level 5 in Unarmed Combat
  2677 | D:4      | Reached XP level 6. HP: 32/52 MP: 5/5
  2711 | D:4      | Found a hide-covered altar of Uskayaw.
  2725 | D:4      | Found a radiant altar of Vehumet.
  2747 | D:4      | Found an opulent altar of Gozag.
  2764 | D:4      | Reached *** piety under Trog
  2906 | D:4      | Found a glowing drain.
  2936 | Sewer    | Entered a sewer
  3262 | D:4      | Found a snail-covered altar of Cheibriados.
  3263 | D:4      | Found an iron altar of Okawaru.
  3623 | D:4      | Reached skill level 5 in Fighting
  3623 | D:4      | Reached skill level 6 in Unarmed Combat
  3623 | D:4      | Reached XP level 7. HP: 41/61 MP: 6/6
  4223 | D:5      | Reached skill level 7 in Unarmed Combat
  4382 | D:5      | Reached skill level 8 in Unarmed Combat
  4446 | D:4      | Reached XP level 8. HP: 68/68 MP: 7/7
  4522 | D:2      | Bought a runed sling for 81 gold pieces
  5188 | D:5      | Reached skill level 1 in Axes
  5400 | D:6      | Reached **** piety under Trog
  5844 | D:6      | Found a runed translucent door.
  5845 | D:6      | Noticed Crazy Yiuf
  6027 | D:6      | Killed Crazy Yiuf
  6199 | D:7      | Reached skill level 5 in Axes
  6271 | D:7      | Reached XP level 9. HP: 70/74 MP: 8/8
  6348 | D:6      | Noticed a cyclops
  6360 | D:6      | Killed a cyclops
  6376 | D:6      | Killed from afar by an acid dragon

Illustrated notes

Levels and vault maps discovered:
D:1:      dpeg_arrival_simpleton_b, layout_loops_ring
D:2:      wad_lake_hut, layout_basic, serial_shops, nicolae_shop_stone,
          basic_altar, chequers_serial_rivers_marsh,
          nicolae_concentric_dashed_squares_mild
D:3:      layout_loops_ring, ebering_ecumenical_altar_abandoned, uniq_jessica,
          uniq_ijyb
D:4:      minmay_evil_eye, layout_gridville, minitemple, jmf_multi_god_temple,
          portal_sewer_entry_e, corexii_shack, grunt_ministairs_13
D:5:      layout_loops_corners, kennysheep_generic_room_8
D:6:      minmay_klotski, layout_gridville, uniq_crazy_yiuf_cottage
D:7:      layout_basic, minmay_temple_entry_overgrown

Skill      XL: |  1  2  3  4  5  6  7  8  9 |
---------------+----------------------------+-----
Armour         | 2 |  2.4
Dodging        | 2 |  2.4
Fighting       | 4 5 |  5.0
Unarmed Combat | 4 5 6 8 |  8.8
Stealth        | 1 3 |  3.0
Axes           | 5 7 |  7.2

Action                     |  1- 3 |  4- 6 |  7- 9 || total
---------------------------+-------+-------+-------++-------
  Melee: Unarmed           |   113 |   183 |    76 ||   372
         Punch             |     2 |     5 |     4 ||    11
         War axe           |       |       |    94 ||    94
   Fire: Sling             |     7 |     1 |     6 ||    14
 Invoke: Trog's Hand       |       |       |     1 ||     1
  Evoke: Wand              |       |     3 |       ||     3
    Use: Scroll            |       |     4 |    11 ||    15
         Potion            |       |       |     2 ||     2
   Stab: Sleeping          |       |     1 |       ||     1
         Invisible         |       |       |     1 ||     1
 Armour: Animal skin       |    27 |       |       ||    27
         Ring mail         |     9 |    61 |    51 ||   121
  Dodge: Dodged            |    58 |   119 |   114 ||   291

Table legend: (Time is in decaauts)
 A = Elapsed time spent in this place.
 B = Non-inter-level travel time spent in this place.
 C = Inter-level travel time spent in this place.
 D = Time resting spent in this place.
 E = Time spent auto-exploring this place.
 F = Levels seen in this place.
 G = Mean time per level.
                   A        B        C        D        E       F      G
               +--------+--------+--------+--------+--------+-----+--------+
         Total |   6433 |   5922 |    511 |    482 |   4077 |   8 |  804.1 |
       Dungeon |   6353 |   5842 |    511 |    482 |   4050 |   7 |  907.6 |
         Sewer |     79 |     79 |      0 |      0 |     27 |   1 |   79.0 |
               +--------+--------+--------+--------+--------+-----+--------+

Top non-repeatable levels by time:
     D:4: 1326 daAuts
     D:5: 1198 daAuts
     D:2: 1190 daAuts
     D:6: 989 daAuts
     D:3: 844 daAuts
     D:1: 717 daAuts
     D:7: 87 daAuts
   Sewer: 79 daAuts
